 Dungeon Crawl Stone Soup version 0.28-a0-1286-g6bde065e89 (webtiles) character file.

Game seed: 12219887455895637472

91 wilfster70 the Caller (level 4, -8/27 HPs)
             Began as a Felid Summoner on Dec 26, 2021.
             Mangled by a black bear (13 damage)
             ... on level 4 of the Dungeon.
             The game lasted 00:17:05 (4858 turns).

wilfster70 the Caller (Felid Summoner)              Turns: 4858, Time: 00:17:06

Health: -8/27      AC:  1    Str:  4    XL:     4   Next: 33%
Magic:  5/10       EV: 17    Int: 18    God:
Gold:   207        SH:  0    Dex: 16    Spells: 2/10 levels left
                                        Lives:  0   Deaths: 1

rFire   . . .      SeeInvis +   (weapon unavailable)
rCold   . . .      Faith    .   (shield unavailable)
rNeg    . . .      Spirit   .   (armour unavailable)
rPois   .          Reflect  .   (helmet unavailable)
rElec   .          Harm     .   (cloak unavailable)
rCorr   .          Rampage  .   (gloves unavailable)
Will    .....                   (boots unavailable)
Stlth   ..........              (no amulet)
HPRegen 0.09/turn               (no ring)
MPRegen 0.12/turn               (no ring)

@: berserking, very quick
A: very small, claws 1, fangs 3, see invisible, speed 1, shaggy fur 1, stealthy
paws, no weapons or thrown items, no armour, multi-lived
a: no special abilities


You were on level 4 of the Dungeon.
You visited 1 branch of the dungeon, and saw 4 of its levels.

You collected 207 gold pieces.

Inventory:

Scrolls
 a - a scroll of amnesia
Potions
 b - a potion of lignification
 f - a potion of mutation {unknown}


   Skills:
 - Level 2.6 Dodging
 - Level 2.6 Stealth
 + Level 3.7 Spellcasting
 + Level 5.3 Summonings


You had 2 spell levels left.
You knew the following spells:

 Your Spells              Type           Power      Damage    Failure   Level
b - Call Imp              Summ           22%        N/A       2%          2
c - Call Canine Familiar  Summ           22%        N/A       4%          3
d - Summon Guardian Gole  Hex/Summ       13%        N/A       16%         3

Your spell library contained the following spells:

 Spells                   Type           Power      Damage    Failure   Level
 Summon Small Mammal      Summ           88%        N/A       1%          1
 Slow                     Hex            12%        N/A       16%         1
 Blink                    Tloc           6%         N/A       22%         2
 Gell's Gravitas          Tloc           3%         N/A       41%         3
 Lesser Beckoning         Tloc           3%         N/A       41%         3
 Teleport Other           Tloc           3%         N/A       41%         3
 Summon Lightning Spire   Summ/Air       13%        N/A       45%         4
 Manifold Assault         Tloc           3%         N/A       99%         5
 Storm Form               Tmut/Air       1%         N/A       100%        7
 Maxwell's Capacitive Co  Air            1%         ∞         100%        8


Dungeon Overview and Level Annotations

Branches:
Dungeon (4/15)
 Temple: D:4-7

Altars:
Ashenzari
Makhleb
Yredelemnul

Annotations:
D:3 1 runed translucent door, 1 exclusion


Innate Abilities, Weirdness & Mutations

You have sharp claws.
You have razor-sharp teeth.
You have supernaturally acute eyesight. (SInv)
You cover ground quickly. (Speed+)
You are covered in fur. (AC +1)
Your paws help you pounce on unaware monsters.
You are incapable of wielding weapons or throwing items.
You cannot wear armour.
You gain extra lives every three experience levels.


Message History

Your hound's corpse disappears in a puff of smoke!
Casting: Call Canine Familiar (quite dangerous; 4% risk of failure)
Confirm with . or Enter, or press ? or * to list all spells.
The spell is quite dangerous to miscast (4% risk of failure)!
Continue anyway?
Your hound barely misses the black bear.
The black bear closely misses your hound.
The black bear claws your hound. x2
Your hound barely misses the black bear.
The black bear closely misses your hound.
The black bear claws your hound. The black bear misses your hound.
Your hound barely misses the black bear.
The black bear closely misses your hound.
The black bear misses your hound.
The black bear barely misses your hound.
Your hound closely misses the black bear.
The black bear misses your hound. The black bear claws your hound.
The black bear barely misses your hound.
Your hound barely misses the black bear. x2
The black bear rages.
Your hound bites the black bear.
The black bear rages.
Your hound closely misses the black bear.
You hear a shout!
A kobold comes into view. It is wielding a +0 whip.
The kobold shouts!
You hear a shout!
The black bear rages.
Found a stone staircase leading down.
Your hound misses the kobold.
Your hound closely misses the kobold.
The black bear closely misses you. x2; The black bear claws you!
The black bear completely misses you. The black bear claws you.
* * * LOW HITPOINT WARNING * * *
The black bear claws you.
* * * LOW HITPOINT WARNING * * *
Your hound closely misses the kobold.
Okay, then.
Unknown command.
It was a potion of berserk rage.
A red film seems to cover your vision as you go berserk!
You feel yourself moving faster!
You feel mighty! The black bear bites you!
You die...

##############
##.......>@h.Kh.#
#...###########.#
). ... #.# .h
#.#.# #.#######
#. #.#.#
#h....... #.
#.#.# #.#######
#$###.#.#
#........
#....#.#
#.#######
###..#.# #.#


You could see a black bear (berserk, ally target), a kobold and a friendly hound
(summoned).

Vanquished Creatures
  Jessica (D:3)
  2 adders (D:2)
  2 ball pythons
  2 endoplasms
  3 goblins
  A jackal (D:3)
  2 kobolds (D:2)
  A quokka (D:1)
  5 bats
  2 frilled lizards
21 creatures vanquished.

Vanquished Creatures (collateral kills)
  3 adders
  A worm (D:3)
  4 orcs (D:3)
  5 ball pythons
  8 endoplasms
  3 giant cockroaches
  5 goblins
  5 hobgoblins
  2 jackals (D:3)
  3 quokkas
  3 bats
  4 frilled lizards (D:1)
  6 kobolds
  2 rats (D:1)
54 creatures vanquished.

Vanquished Creatures (others)
  3 fungi (D:3)
  A plant (D:3)
4 creatures vanquished.

Grand Total: 79 creatures vanquished

Notes
Turn   | Place    | Note
-------+----------+-------------------------------------------
     0 | D:1      | wilfster70 the Felid Summoner began the quest for the Orb.
     0 | D:1      | Reached XP level 1. HP: 7/7 MP: 4/4
   698 | D:1      | Reached XP level 2. HP: 11/11 MP: 3/6
  1054 | D:1      | Found a faded altar of an unknown god.
  1572 | D:1      | Reached XP level 3. HP: 13/14 MP: 6/8
  1575 | D:1      | Learned a level 2 spell: Call Imp
  1579 | D:1      | Learned a level 3 spell: Call Canine Familiar
  2584 | D:2      | Reached XP level 4. HP: 12/18 MP: 2/9
  2686 | D:2      | Learned a level 3 spell: Summon Guardian Golem
  3172 | D:3      | Noticed Jessica
  3212 | D:3      | Killed Jessica
  3213 | D:3      | Reached skill level 5 in Summonings
  3380 | D:3      | Found a basalt altar of Yredelemnul.
  3516 | D:3      | Found a burning altar of Makhleb.
  3638 | D:3      | Found a runed translucent door.
  3757 | D:3      | Got Jessica's Handbook of the Oath
  3856 | D:3      | HP: 1/27 [poisoned by an adder]
  3857 | D:3      | Succumbed to an adder's poison
  3858 | D:3      | Reached XP level 3. HP: 0/21 MP: 7/9
  3916 | D:3      | Reached XP level 4. HP: 10/18 MP: 8/10
  4590 | D:4      | Found a broken altar of Ashenzari.
  4803 | D:4      | Noticed a black bear
  4858 | D:4      | Mangled by a black bear

Illustrated notes

Levels and vault maps discovered:
D:1:      mushboom_english_gardens, layout_loops_ring, serial_aquarium,
          aquarium_bridge_island_small [aquarium_subvault_small_open,
          aquarium_subvault_wall, aquarium_subvault_bridge,
          aquarium_subvault_bridge, aquarium_subvault_wall],
          aquarium_window_fake, aquarium_window_1, aquarium_window_2,
          aquarium_view_2f, aquarium_view_2f, aquarium_pool_2,
          nicolae_ecumenical_lake_church
D:2:      layout_rooms, kennysheep_generic_room_3
D:3:      layout_loops_ring, lightli_temple_of_fire,
          mainiacjoe_overflow_boulevard, serial_bayou_pond_b,
          kennysheep_jessica_study, uniq_crazy_yiuf_cottage
D:4:      layout_loops_ring, mainiacjoe_overflow_six_doors_small,
          kennysheep_cross_room, uniq_pikel

Skill      XL: |  1  2  3  4 |
---------------+-------------+-----
Spellcasting   | 3 |  3.7
Summonings     | 5 |  5.3
Dodging        | |  2.6
Stealth        | |  2.6

Action                   |  1- 3 |  4- 6 || total
-------------------------+-------+-------++-------
Melee: Unarmed           |    71 |    40 ||   111
       Bite              |     3 |     1 ||     4
 Cast: Summon Small Mamm |    47 |     1 ||    48
       Call Imp          |     4 |     2 ||     6
       Call Canine Famil |     3 |    13 ||    16
  Use: Scroll            |       |     4 ||     4
       Potion            |       |     4 ||     4
 Stab: Distracted        |     3 |       ||     3
       Sleeping          |       |     1 ||     1
Armor: Skin              |    12 |     7 ||    19
Dodge: Dodged            |   123 |    75 ||   198

Table legend: (Time is in decaauts)
 A = Elapsed time spent in this place.
 B = Non-inter-level travel time spent in this place.
 C = Inter-level travel time spent in this place.
 D = Time resting spent in this place.
 E = Time spent auto-exploring this place.
 F = Levels seen in this place.
 G = Mean time per level.
                   A        B        C        D        E       F      G
               +--------+--------+--------+--------+--------+-----+--------+
         Total |   4393 |   4343 |     50 |   1644 |   1520 |   4 | 1098.2 |
       Dungeon |   4393 |   4343 |     50 |   1644 |   1520 |   4 | 1098.2 |
               +--------+--------+--------+--------+--------+-----+--------+

Top non-repeatable levels by time:
     D:1: 2172 daAuts
     D:3: 1293 daAuts
     D:2: 683 daAuts
     D:4: 244 daAuts
